 Dungeon Crawl Stone Soup version 0.21.1-1-g345015f (webtiles) character file.

514 Kairos the Ruffian (level 7, -10/67 HPs)
             Began as a Troll Monk on Mar 27, 2018.
             Mangled by an orc warrior
             ... wielding a +0 war axe
              (17 damage)
             ... on level 4 of the Dungeon.
             The game lasted 00:03:36 (3134 turns).

Kairos the Ruffian (Troll Monk)                     Turns: 3134, Time: 00:03:37

Health: -10/67     AC:  5    Str: 20    XL:     7   Next: 0%
Magic:  6/6        EV: 11    Int:  6    God:
Gold:   165        SH:  0    Dex: 14    Spells: 6/6 levels left

rFire    . . .     SeeInvis .     - Unarmed
rCold    . . .     Gourm    +   (no shield)
rNeg     . . .     Faith    .   a - +0 robe
rPois    .         Spirit   .   (helmet restricted)
rElec    .         Reflect  .   (no cloak)
rCorr    .         Harm     .   (gloves unavailable)
MR       .....                  (boots unavailable)
Stlth    ++........             (no amulet)
HPRegen  0.61/turn              (no ring)
MPRegen  0.10/turn              (no ring)

@: no status effects
A: large, unfitting armour, claws 3, fast metabolism 3, gourmand, regeneration
1, shaggy fur 1, tough skin 2
a: no special abilities


You were on level 4 of the Dungeon.
You were not hungry.

You visited 1 branch of the dungeon, and saw 4 of its levels.

You collected 165 gold pieces.

Inventory:

Armour
 a - a +0 robe (worn)
Scrolls
 d - 3 scrolls of remove curse {unknown}
 e - a scroll of fog {unknown}
 f - 3 scrolls of identify {unknown}
 g - a scroll of amnesia {unknown}
 h - a scroll of enchant armour {unknown}
 i - 2 scrolls of noise {unknown}
 k - a scroll of enchant weapon {unknown}
 m - a scroll of immolation {unknown}
Potions
 c - a potion of lignification {unknown}
 j - a potion of flight {unknown}
 l - a potion of cancellation {unknown}
 n - a potion of brilliance {unknown}
Comestibles
 b - 9 rations


   Skills:
 + Level 3.2 Fighting
 + Level 3.8 Dodging
 + Level 1.7 Stealth
 + Level 6.1 Unarmed Combat


You had 6 spell levels left.
You didn't know any spells.

Dungeon Overview and Level Annotations

Branches:
Dungeon (4/15)
 Temple: D:4-7

Altars:


Innate Abilities, Weirdness & Mutations

You are too large for most types of armour.
You have claws for hands.
Your metabolism is lightning-fast.
You like to eat raw meat.
Your natural rate of healing is unusually fast.
You are covered in fur. (AC +1)
You have very tough skin. (AC +2)


Message History

You mangle the orc!!
You kill the orc!
You have reached level 7!
You mangle the orc warrior!!
The orc warrior is severely wounded.
The orc wizard gestures wildly while chanting.
The orc wizard blinks!
The orc warrior completely misses you.
You barely miss the orc warrior.
The orc warrior is severely wounded.
The orc warrior completely misses you.
You closely miss the orc warrior.
The orc warrior is severely wounded.
The orc warrior hits you with a war axe!
* * * LOW HITPOINT WARNING * * *
You closely miss the orc warrior.
The orc warrior is severely wounded.
You scratch the orc warrior.
The orc warrior is almost dead.
The orc warrior hits you with a war axe!
You die...

####.# ###.............#
..##†###................
#.##.##.#.......)......#
#......###.####....###.#
####.##.#.## #........#
.....###.## #...######
###..# ### #...# ###..#
#...# .....# ##@##
.##.## ####o## ....#
#####..oo.##.## .####
#..............# .#
..#....)..##.#.# ##
........>.# #
..........# ###......##
#..#.#.#


You could see an orc warrior, an orc priest and an orc wizard.

Vanquished Creatures
  An orc warrior (D:4)
  An ogre (D:4)
  2 hounds (D:4)
  An orc priest (D:3)
  An iguana (D:2)
  An orc wizard (D:3)
  A worker ant (D:4)
  5 adders
  2 oozes (D:1)
  2 worms
  3 dart slugs
  3 leopard geckos
  11 orcs
  3 bats
  7 giant cockroaches
  10 goblins
  18 hobgoblins
  4 jackals (D:2)
  A quokka (D:2)
  5 frilled lizards
  8 kobolds
  9 rats
99 creatures vanquished.

Notes
Turn   | Place    | Note
-------+----------+-------------------------------------------
     0 | D:1      | Kairos the Troll Monk began the quest for the Orb.
     0 | D:1      | Reached XP level 1. HP: 22/22 MP: 0/0
    61 | D:1      | Reached XP level 2. HP: 29/29 MP: 1/1
   375 | D:1      | Reached XP level 3. HP: 36/36 MP: 2/2
  1195 | D:2      | Reached XP level 4. HP: 44/44 MP: 3/3
  1403 | D:2      | Reached skill level 4 in Unarmed Combat
  2195 | D:3      | Reached XP level 5. HP: 52/52 MP: 4/4
  2639 | D:3      | Reached skill level 5 in Unarmed Combat
  2759 | D:4      | Noticed an ogre
  2762 | D:4      | Killed an ogre
  2762 | D:4      | Reached XP level 6. HP: 35/61 MP: 5/5
  2786 | D:4      | Noticed an orc warrior
  2800 | D:4      | Killed an orc warrior
  2940 | D:4      | Reached skill level 6 in Unarmed Combat
  3119 | D:4      | Noticed an orc warrior
  3129 | D:4      | Reached XP level 7. HP: 20/67 MP: 6/6
  3134 | D:4      | Mangled by an orc warrior

Skill      XL: |  1  2  3  4  5  6 |
---------------+-------------------+-----
Dodging        | 3 |  3.8
Unarmed Combat | 4 5 6 |  6.1
Fighting       | 3 |  3.2
Stealth        | |  1.7

Action                   |  1- 3 |  4- 6 |  7- 9 || total
-------------------------+-------+-------+-------++-------
Melee: Unarmed           |    71 |   170 |     5 ||   246
       Punch             |     1 |     3 |       ||     4
 Stab: Sleeping          |     4 |     2 |       ||     6
       Distracted        |       |     1 |       ||     1
  Eat: Chunk             |     8 |    15 |       ||    23
       Ration            |       |     1 |       ||     1
Armor: Robe              |    14 |    38 |       ||    52
Dodge: Dodged            |    23 |    77 |     2 ||   102
